 Dungeon Crawl Stone Soup version 0.26-a0-540-g8a0c9464d7 (webtiles) character file.

Game seed: 7138105713187894783

235628 drasked the Acrobat (level 18, -1/102 HPs)
             Began as a Spriggan Enchanter on Aug 15, 2020.
             Was an Initiate of Gozag.
             Slain by a +5 vampiric lajatang (36 damage)
             ... on level 2 of the Elven Halls.
             The game lasted 04:42:18 (66518 turns).

drasked the Acrobat (Spriggan Enchanter)           Turns: 66518, Time: 04:42:19

Health: -1/102     AC: 11    Str: 10    XL:     18   Next: 48%
Magic:  32/32      EV: 40    Int: 22    God:    Gozag
Gold:   3634       SH: 16    Dex: 24    Spells: 5/22 levels left

rFire    + + +     SeeInvis +   P - +8 arc blade {discharge, rElec}
rCold    + . .     Faith    .   E - +2 buckler {AC+3}
rNeg     + . .     Spirit   .   H - +2 robe {rC+}
rPois    +         Reflect  +   U - +1 hat of Sif Muna's Supremacy {rF+ MR+ Str+2 Int+4}
rElec    +         Harm     .   y - +2 cloak {Stlth+}
rCorr    .                      (gloves unavailable)
MR       +++++                  (boots unavailable)
Stlth    +++++++++.             S - amulet "Xunogh" {Reflect *Corrode Dex+7 SH+5 Stlth+}
HPRegen  0.27/turn              N - ring of Darkness {+Fly rF+++ rN+ MP+9 Str-2}
MPRegen  0.23/turn              e - ring "Subaysm" {Wiz rElec rPois MR+}

@: very quick
A: very small, unfitting armour, see invisible, speed 3
}: 2/15 runes: serpentine, barnacled
a: Potion Petition, Call Merchant, Bribe Branch, Renounce Religion, Evoke Flight


You were on level 2 of the Elven Halls.
You worshipped Gozag.
Gozag was most pleased with you.
You visited 6 branches of the dungeon, and saw 33 of its levels.
You also visited: Gauntlet.

You collected 14623 gold pieces.
You spent 3504 gold pieces at shops.
You paid 7485 gold pieces to Gozag.

Inventory:

Hand Weapons
 O - the +6 dagger "Ryneumegu" {freeze, *Drain MR+ Int+3 Dex+2}
   (You found it on level 1 of the Lair of Beasts)

   It has been specially enchanted to freeze those struck by it, causing extra
   injury to most foes and up to half again as much damage against particularly
   susceptible opponents.
   It can also slow down cold-blooded creatures.
   It affects your intelligence (+3).
   It affects your dexterity (+2).
   It affects your resistance to hostile enchantments.
   It causes draining when unequipped.
 P - the +8 arc blade (weapon) {discharge, rElec}
   (You bought it in a shop on level 6 of the Lair of Beasts)

   It insulates you from electricity.
Missiles
 K - 8 throwing nets (quivered) {!f}
Armour
 y - a +2 cloak of stealth (worn)
   (You bought it in a shop on level 4 of the Snake Pit)
 E - a +2 buckler of protection (worn)
   (You bought it in a shop on level 4 of the Shoals)
 H - a +2 robe of cold resistance (worn)
   (You took it off Ilsuiw on level 2 of the Shoals)
 L - a +2 cloak of poison resistance
   (You bought it in a shop on level 6 of the Lair of Beasts)
 U - the +1 hat of Sif Muna's Supremacy (worn) {rF+ MR+ Str+2 Int+4}
   (You acquired it on level 1 of the Elven Halls)

   It affects your strength (+2).
   It affects your intelligence (+4).
   It protects you from fire.
   It affects your resistance to hostile enchantments.
Jewellery
 e - the ring "Subaysm" (right hand) {Wiz rElec rPois MR+}
   (You found it in a Gauntlet)

   [ring of wizardry]

   It improves your spell success rate.
   It insulates you from electricity.
   It protects you from poison.
   It affects your resistance to hostile enchantments.
 z - the ring of Qusmew {rElec rF+ Int+3}
   (You found it on level 1 of the Shoals)

   [ring of protection from fire]

   It affects your intelligence (+3).
   It protects you from fire.
   It insulates you from electricity.
 N - the ring of Darkness (left hand) {+Fly rF+++ rN+ MP+9 Str-2}
   (You acquired it on level 12 of the Dungeon)

   [ring of flight]

   It affects your strength (-2).
   It renders you almost immune to fire.
   It protects you from negative energy.
   It affects your magic capacity (+9).
   It lets you fly.
 S - the amulet "Xunogh" (around neck) {Reflect *Corrode Dex+7 SH+5 Stlth+}
   (You found it on level 4 of the Shoals)

   [amulet of reflection]

   It shields you and reflects attacks.
   It affects your dexterity (+7).
   It may corrode you when you take damage.
   It affects your SH (+5).
   It makes you more stealthy.
Wands
 c - a wand of disintegration (23)
   (You found it on level 6 of the Dungeon)
 d - a wand of iceblast (31)
   (You found it on level 5 of the Dungeon)
 k - a wand of enslavement (4)
   (You took it off an orc on level 2 of the Orcish Mines)
 u - a wand of paralysis (25)
   (You found it on level 6 of the Lair of Beasts)
 v - a wand of digging (11)
   (You found it on level 5 of the Lair of Beasts)
 x - a wand of acid (29)
   (You found it on level 5 of the Dungeon)
Scrolls
 a - 3 scrolls of holy word
 f - 7 scrolls of blinking
 g - 9 scrolls of teleportation {@r4}
 i - 18 scrolls of remove curse {@r2}
 l - 3 scrolls of enchant armour
 r - 5 scrolls of magic mapping
 w - 4 scrolls of identify {@r1}
 A - 2 scrolls of fear
 B - 10 scrolls of enchant weapon
 D - 2 scrolls of fog
 Q - a scroll of summoning
Potions
 b - a potion of magic
 h - 5 potions of ambrosia
 j - 10 potions of flight
 m - 2 potions of heal wounds {@q2}
 p - 3 potions of berserk rage
 q - 6 potions of invisibility
 s - 2 potions of cancellation
 t - 2 potions of might
 F - 4 potions of lignification {!q}
 G - 2 potions of resistance
 I - 7 potions of haste {@q3}
 M - 13 potions of curing {@q1}
 R - 2 potions of stabbing
 T - a potion of brilliance


   Skills:
 - Level 14.2 Fighting
 + Level 9.9 Short Blades
 - Level 23.3 Dodging
 - Level 20.0 Stealth
 - Level 7.2 Shields
 - Level 2.6 Spellcasting
 - Level 5.0 Conjurations
 + Level 13.7 Hexes
 - Level 2.0 Ice Magic
 - Level 3.0 Air Magic
 - Level 5.0 Poison Magic


You had 5 spell levels left.
You knew the following spells:

 Your Spells              Type           Power        Failure   Level
a - Stone Arrow           Conj/Erth      ##....       6%          3
b - Dazzling Flash        Conj/Hex       #####.       1%          3
c - Confusing Touch       Hex            ######..     1%          3
d - Tukima's Dance        Hex            ######..     1%          3
f - Mephitic Cloud        Conj/Pois/Air  ###.....     2%          3
x - Ensorcelled Hibernat  Hex/Ice        #####.       1%          2

Your spell library contained the following spells:

 Spells                   Type           Power        Failure   Level
 Corona                   Hex            ######.      1%          1
 Foxfire                  Conj/Fire      ##..         1%          1
 Magic Dart               Conj           ###.         1%          1
 Sting                    Tmut/Pois      ##..         1%          1
 Poisonous Vapours        Pois/Air       ###...       1%          2
 Slow                     Hex            ######..     1%          2
 Summon Guardian Golem    Hex/Summ       ####....     1%          3
 Static Discharge         Conj/Air       ###.....     3%          3
 Animate Skeleton         Necr           #.....       5%          1
 Apportation              Tloc           #.....       5%          1
 Beastly Appendage        Tmut           #.....       5%          1
 Pain                     Necr           #...         5%          1
 Sandblast                Erth           #.....       5%          1
 Summon Small Mammal      Summ           #...         5%          1
 Conjure Flame            Conj/Fire      ##......     6%          3
 Spider Form              Tmut/Pois      ##........   6%          3
 Metabolic Englaciation   Hex/Ice        #####.....   6%          5
 Blink                    Tloc           N/A          8%          2
 Call Imp                 Summ           #.......     8%          2
 Passwall                 Tmut/Erth      #.......     8%          2
 Wereblood                Tmut           #.......     8%          2
 Hailstorm                Conj/Ice       ###.....     12%         4
 Call Canine Familiar     Summ           #.......     16%         3
 Lesser Beckoning         Tloc           #.........   16%         3
 Vampiric Draining        Necr           #.........   16%         3
 Iskenderun's Battlesphe  Conj           ###.....     17%         5
 Summon Lightning Spire   Summ/Air       #.......     26%         4
 Lightning Bolt           Conj/Air       ###.......   26%         5
 Ice Form                 Ice/Tmut       #.......     32%         4
 Summon Ice Beast         Ice/Summ       #.......     32%         4
 Animate Dead             Necr           #.........   43%         4
 Petrify                  Tmut/Erth      #.......     43%         4
 Alistair's Intoxication  Tmut/Pois      ##.......    43%         5
 Fireball                 Conj/Fire      ##........   43%         5
 Irradiate                Conj/Tmut      ##........   43%         5
 Bolt of Magma            Conj/Fire/Erth ##........   54%         5
 Agony                    Necr           #.......     77%         5
 Blade Hands              Tmut           #.........   77%         5
 Lee's Rapid Deconstruct  Erth           #.........   77%         5
 Invisibility             Hex            ######..     2%          6
 Freezing Cloud           Conj/Ice/Air   ###.......   86%         6
 Iron Shot                Conj/Erth      ##........   93%         6
 Ozocubu's Refrigeration  Ice            ##........   96%         6
 Simulacrum               Ice/Necr       #.........   99%         6
 Orb of Destruction       Conj           ###.......   99%         7
 Spellforged Servitor     Conj/Summ      ##........   100%        7
 Ignition                 Fire           #.........   100%        8
 Shatter                  Erth           #.........   100%        9
 Tornado                  Air            ###.......   100%        9


Dungeon Overview and Level Annotations

Branches:
Dungeon (15/15)            Temple (0/1) D:7            Lair (6/6) D:10
 Shoals (4/4) Lair:3        Snake (4/4) Lair:2        Slime (0/5) Lair:5
    Orc (2/2) D:12            Elf (2/3) Orc:2        Vaults (0/5) D:14
 Depths (0/5) D:15        Gauntlet (visited)

Altars:
Fedhas
Gozag
Hepliaklqana
Makhleb
Nemelex Xobeh
Okawaru
Ru
Sif Muna
Zin
The Shining One

Shops:
D:9 [   Orc:2 }=}[[   Elf:1 (   Elf:2 [=   Lair:6 *(*[(   Shoals:1 **
Shoals:4 ([[(   Snake:3 }}*[[   Snake:4 =[

Annotations:
Lair:3 exclusion: 4 oklob plants
Shoals:1 Vruhakk's ghost, adept GrFi
Elf:2 2 runed translucent doors


Innate Abilities, Weirdness & Mutations

You are very small and have problems with some larger weapons.
You are too small for most types of armour.
You have supernaturally acute eyesight. (SInv)
You cover ground extremely quickly.


Message History

You block the +2 short sword of venom's attack. x2
You puncture the +2 short sword of venom!
You block the +2 short sword of venom's attack.
You hit the +2 short sword of venom.
The arc blade crackles.
The air crackles with electrical energy.
You block the +2 short sword of venom's attack.
You barely miss the +2 short sword of venom.
The +2 short sword of venom misses you.
You barely miss the +2 short sword of venom.
You block the +2 short sword of venom's attack.
The +2 short sword of venom completely misses you.
You puncture the +2 short sword of venom!
Your life force feels restored.
You see here 7 gold pieces.
You are no longer corroded.
You start resting.
A +5 vampiric lajatang comes into view.
You closely miss the +5 vampiric lajatang.
You block the +5 vampiric lajatang's attack.
You hit the +5 vampiric lajatang but do no damage.
You block the +5 vampiric lajatang's attack.
You hit the +5 vampiric lajatang.
The +5 vampiric lajatang completely misses you.
You hit the +5 vampiric lajatang.
The arc blade crackles.
The air crackles with electrical energy.
The +5 vampiric lajatang hits you!!
You hit the +5 vampiric lajatang but do no damage.
You block the +5 vampiric lajatang's attack.
You hit the +5 vampiric lajatang but do no damage.
The +5 vampiric lajatang misses you.
You hit the +5 vampiric lajatang.
The +5 vampiric lajatang barely misses you.
You closely miss the +5 vampiric lajatang.
You block the +5 vampiric lajatang's attack.
You hit the +5 vampiric lajatang but do no damage.
The +5 vampiric lajatang hits you!
The +5 vampiric lajatang draws strength from your wounds!
You hit the +5 vampiric lajatang.
The +5 vampiric lajatang completely misses you.
You hit the +5 vampiric lajatang but do no damage.
The +5 vampiric lajatang completely misses you.
You closely miss the +5 vampiric lajatang.
You miss the +5 vampiric lajatang. The +5 vampiric lajatang hits you!!
* * * LOW HITPOINT WARNING * * *
The +5 vampiric lajatang draws strength from your wounds!
The +5 vampiric lajatang hits you!
* * * LOW HITPOINT WARNING * * *
The +5 vampiric lajatang hits you!!!
You die...
Your body crumbles into a pile of gold.

#.................
##.....#..........
##...###.........
##..## ##........
##....###.........
#......#..........
##................
##(.....$........
##.@...##...##...
##.....####.## #.#
#.....## ## ##
#......## #########
##......#
##.......##
##.....###.........#
##....$##...........
#......'.....###....
#.......'...###
###..


You could see a +5 vampiric lajatang.

Vanquished Creatures
  Polyphemus (Shoals:4)
  Kirke (Shoals:2)
  3 krakens
  6 nagarajas
  A deep elf sorcerer (Elf:2)
  A minotaur (Gauntlet)
  A deep elf annihilator (Elf:1)
  A dire elephant (Lair:6)
  A deep elf death mage (Elf:1)
  4 merfolk impalers
  3 merfolk javelineers
  A fire dragon (Lair:1)
  Josephine (D:10)
  A yaktaur captain (D:15)
  Harold (Lair:2)
  3 centaur warriors (D:15)
  4 hydras
  The ghost of Jowiufri the Basher, a journeyman GrFi of Zin (D:13)
  12 naga warriors
  7 merfolk avatars
  4 anacondas
  3 catoblepae
  5 merfolk aquamancers
  6 satyrs
  6 death yaks
  3 two-headed ogres
  A deep troll shaman (Lair:6)
  Urug (D:12)
  5 shock serpents
  5 orc high priests
  3 deep elf knights
  11 naga sharpshooters
  Nergalle (Lair:3)
  An iron troll (D:14)
  8 skeletal warriors
  9 sea snakes
  An unseen horror (D:12)
  12 naga ritualists
  4 deep elf archers
  12 harpies
  3 orc knights
  A necromancer (Lair:4)
  13 mana vipers
  34 deep elf magi
  20 fauns
  2 ugly things (D:14)
  4 orc sorcerers
  12 manticores
  6 salamanders
  8 elephants
  14 merfolk sirens
  3 cyclopes
  2 water nymphs
  A torpor snail (Lair:6)
  21 black mambas
  18 naga magi
  5 guardian serpents
  A gargoyle (D:14)
  2 kobold demonologists (D:13)
  14 cane toads
  A komodo dragon (shapeshifter) (D:14)
  A yaktaur (D:15)
  2 rime drakes
  4 komodo dragons
  A queen bee (Lair:3)
  7 trolls
  4 polar bears
  22 merfolk
  Grinder (D:6)
  6 wind drakes
  7 blink frogs
  Prince Ribbit (D:6)
  10 dream sheep
  10 slime creatures
  9 snapping turtles
  A blink frog (shapeshifter) (D:14)
  A meliai zombie (D:15)
  9 hippogriffs
  An air elemental (Elf:1)
  A centaur simulacrum (D:15)
  A flying skull (Gauntlet)
  14 water elementals
  6 wyverns
  7 wraiths
  5 basilisks
  Grum (Lair:1)
  33 yaks
  A human (shapeshifter) (Elf:2)
  A steam dragon (D:12)
  A fire elemental (Elf:1)
  7 vampire mosquitoes (D:15)
  2 acid dragons
  2 wargs (Orc:1)
  40 nagas
  10 water moccasins
  12 porcupines
  29 orc warriors
  2 sky beasts
  A hornet zombie (D:14)
  A swamp drake (Orc:2)
  An elephant zombie (Lair:4)
  An ice beast (D:13)
  8 ogres
  6 phantoms
  A black bear (Lair:2)
  An eye of draining (D:11)
  A necrophage (D:10)
  29 wolves
  15 centaurs
  4 boggarts (D:14)
  6 crocodiles
  3 big kobolds
  24 bullfrogs
  2 water moccasin skeletons
  2 scorpions
  6 wights
  38 killer bees
  4 electric eels
  3 howler monkeys (D:8)
  7 jellies
  8 crimson imps
  A bullfrog zombie (D:12)
  2 centaur zombies
  2 iron imps
  A basilisk zombie (Lair:4)
  A gnoll shaman (D:6)
  12 hounds
  29 orc wizards
  A quasit (D:6)
  38 orc priests
  4 centaur skeletons
  3 bullfrog skeletons
  3 iguanas
  10 worker ants
  2 crocodile zombies (Lair:4)
  A hound zombie (D:8)
  A hound skeleton (D:4)
  9 gnolls (D:6)
  11 adders
  2 river rats
  7 shadow imps
  3 white imps
  An ufetubus (D:9)
  6 oozes
  2 dart slugs (D:1)
  5 worms
  5 leopard geckos
  80 orcs
  2 ball pythons
  5 giant cockroaches
  14 hobgoblins
  3 quokkas
  4 bats
  5 frilled lizards
  12 goblins
  16 kobolds
  2 leopard gecko zombies
  11 rats
  3 plants
  14 tentacles
  A toadstool (D:11)
1118 creatures vanquished.

Vanquished Creatures (collateral kills)
  Ilsuiw (Shoals:2)
1 creature vanquished.

Vanquished Creatures (others)
  A merfolk javelineer (Shoals:4)
  A merfolk aquamancer (Shoals:2)
  A naga mage (Snake:3)
  15 dancing weapons
  3 humans (Shoals:2)
  2 orc wizards
  4 orcs (Orc:2)
  A bush (Lair:3)
  13 fungi
  44 plants
  66 tentacles
  2 toadstools (D:11)
  A withered plant (Gauntlet)
154 creatures vanquished.

Grand Total: 1273 creatures vanquished

Notes
Turn   | Place    | Note
-------+----------+-------------------------------------------
     0 | D:1      | drasked the Spriggan Enchanter began the quest for the Orb.
     0 | D:1      | Reached XP level 1. HP: 9/9 MP: 5/5
   371 | D:1      | Reached XP level 2. HP: 13/13 MP: 6/6
   375 | D:1      | Learned a level 2 spell: Ensorcelled Hibernation
  1117 | D:1      | Reached skill level 5 in Stealth
  1489 | D:1      | Reached XP level 3. HP: 9/16 MP: 8/8
  1843 | D:2      | Learned a level 3 spell: Dazzling Flash
  2258 | D:2      | Reached skill level 1 in Ice Magic
  2258 | D:2      | Reached XP level 4. HP: 15/21 MP: 9/9
  3244 | D:3      | Reached skill level 1 in Conjurations
  3371 | D:3      | Reached XP level 5. HP: 23/24 MP: 2/10
  4301 | D:4      | Learned a level 3 spell: Confusing Touch
  4463 | D:4      | Noticed an ogre
  4472 | D:4      | Killed an ogre
  4472 | D:4      | Reached skill level 5 in Hexes
  4472 | D:4      | Reached XP level 6. HP: 28/28 MP: 11/11
  5518 | D:4      | Reached XP level 7. HP: 18/32 MP: 0/12
  5770 | D:5      | Entered Level 5 of the Dungeon
  6867 | D:6      | Reached skill level 5 in Short Blades
  7105 | D:6      | Noticed Prince Ribbit
  7182 | D:6      | Reached XP level 8. HP: 15/36 MP: 4/13
  7196 | D:6      | Got a crude robe
  7375 | D:6      | Identified the cursed +0 robe of Undesirable Species {rF-
                  | Regen+ Str+4 Dex-4} (You found it on level 6 of the
                  | Dungeon)
  8229 | D:6      | Killed Prince Ribbit
  8441 | D:6      | Found a glowing golden altar of the Shining One.
  9015 | D:6      | Found a burning altar of Makhleb.
  9021 | D:6      | Reached skill level 10 in Stealth
  9361 | D:6      | Noticed Grinder
  9385 | D:6      | Killed Grinder
  9980 | D:7      | Noticed a two-headed ogre
 10058 | D:6      | Reached XP level 9. HP: 37/39 MP: 8/14
 10621 | D:7      | Found a staircase to the Ecumenical Temple.
 10819 | D:6      | Killed a two-headed ogre
 11062 | D:6      | Learned a level 3 spell: Tukima's Dance
 11588 | D:7      | Found a shimmering blue altar of Sif Muna.
 12051 | D:8      | Reached skill level 10 in Hexes
 12429 | D:8      | Reached XP level 10. HP: 44/44 MP: 6/15
 13031 | D:8      | Identified a scroll of acquirement
 13031 | D:8      | Acquired +1 gold dragon scales
 13115 | D:9      | Found Gativuda's Antique Armour Boutique.
 13186 | D:9      | Bought a buckler for 130 gold pieces
 13186 | D:9      | Bought a faintly humming robe for 165 gold pieces
 13196 | D:9      | Identified the cursed +1 robe "Gechie" {Regen+ Stlth+} (You
                  | bought it in a shop on level 9 of the Dungeon)
 13214 | D:9      | Found a hazy altar of Hepliaklqana.
 13361 | D:9      | Reached skill level 1 in Shields
 13739 | D:9      | Found an iron altar of Okawaru.
 13739 | D:9      | Found an opulent altar of Gozag.
 13745 | D:9      | Found a glowing silver altar of Zin.
 13747 | D:9      | Found a sparkling altar of Nemelex Xobeh.
 13749 | D:9      | Found a faded altar of an unknown god.
 13898 | D:10     | Entered Level 10 of the Dungeon
 14119 | D:9      | Became a worshipper of Gozag Ym Sagoz the Greedy
 14570 | D:10     | Found a staircase to the Lair.
 14827 | D:10     | Noticed Josephine
 14830 | D:10     | Reached skill level 15 in Stealth
 14832 | D:10     | Killed Josephine
 14861 | D:10     | Reached skill level 5 in Shields
 15434 | D:10     | Reached XP level 11. HP: 40/47 MP: 5/16
 17149 | Lair:1   | Entered Level 1 of the Lair of Beasts
 17454 | Lair:1   | Reached skill level 1 in Fighting
 17454 | Lair:1   | Reached skill level 4 in Dodging
 17534 | Lair:1   | Noticed Grum
 17557 | Lair:1   | Reached skill level 5 in Dodging
 17806 | Lair:1   | Got a jewelled dagger
 17807 | Lair:1   | Identified the +6 dagger "Ryneumegu" {freeze, *Drain MR+
                  | Int+3 Dex+2} (You found it on level 1 of the Lair of
                  | Beasts)
 17873 | Lair:1   | Killed Grum
 17959 | Lair:1   | Noticed a fire dragon
 18152 | Lair:1   | Killed a fire dragon
 18152 | Lair:1   | Reached skill level 6 in Dodging
 18183 | Lair:1   | Got a warped ivory ring
 18188 | Lair:1   | Identified the ring of Past Mistakes {Wiz Int+3 Stlth-}
                  | (You found it on level 1 of the Lair of Beasts)
 18499 | Lair:2   | Reached skill level 7 in Dodging
 18649 | Lair:2   | Noticed Harold
 18764 | Lair:1   | Reached skill level 8 in Dodging
 18908 | Lair:2   | Noticed an eight-headed hydra
 18926 | Lair:2   | Killed an eight-headed hydra
 19136 | Lair:2   | Killed Harold
 19136 | Lair:2   | Reached skill level 9 in Dodging
 19136 | Lair:2   | Reached XP level 12. HP: 53/59 MP: 11/17
 19517 | Lair:2   | Reached skill level 5 in Fighting
 20181 | Lair:2   | Found a staircase to the Snake Pit.
 20315 | Lair:2   | Reached skill level 10 in Dodging
 20655 | Lair:3   | Noticed a five-headed hydra
 20662 | Lair:3   | Killed a five-headed hydra
 20766 | Lair:3   | Found a staircase to the Shoals.
 21580 | Lair:3   | Reached skill level 11 in Dodging
 21583 | Lair:3   | Noticed Nergalle
 22214 | Lair:3   | Killed Nergalle
 22874 | Lair:3   | Reached skill level 12 in Dodging
 23280 | Lair:4   | Noticed an eight-headed hydra
 23287 | Lair:4   | Killed an eight-headed hydra
 23290 | Lair:4   | Reached XP level 13. HP: 67/67 MP: 18/18
 24630 | Lair:5   | Found a staircase to the Slime Pits.
 24873 | Lair:5   | Reached skill level 13 in Dodging
 26264 | Lair:6   | Entered Level 6 of the Lair of Beasts
 27155 | Lair:6   | Reached skill level 14 in Dodging
 27236 | Lair:6   | Noticed a dire elephant
 28405 | Lair:6   | Killed a dire elephant
 28413 | Lair:6   | Reached XP level 14. HP: 65/74 MP: 9/19
 28554 | Lair:6   | Acquired 1040 gold pieces
 28574 | Lair:6   | Bought a +0 cloak of poison resistance for 102 gold pieces
 28594 | Lair:6   | Bought a +2 robe of fire resistance for 230 gold pieces
 29181 | D:12     | Found a gate leading to a gauntlet.
 29197 | Gauntlet | Entered a Gauntlet
 29197 | Gauntlet | Found a transporter.
 29197 | Gauntlet | Found a transporter.
 29207 | Gauntlet | Found a transporter.
 29210 | Gauntlet | Found a transporter.
 29218 | Gauntlet | Found a transporter.
 29221 | Gauntlet | Found a transporter.
 29229 | Gauntlet | Found a transporter.
 29243 | Gauntlet | Identified the ring "Xexzupseopa" {rElec rF- rC++ rCorr
                  | Dex+4}
 29247 | Gauntlet | Found a transporter.
 29264 | Gauntlet | Found a transporter.
 29267 | Gauntlet | Found a transporter.
 29277 | Gauntlet | Found a transporter.
 29280 | Gauntlet | Found a transporter.
 29413 | Gauntlet | Got a crude bronze ring
 29469 | Gauntlet | Got a fading war axe
 29954 | D:12     | Reached skill level 15 in Dodging
 30036 | D:12     | Found a staircase to the Orcish Mines.
 30340 | D:12     | Identified the ring "Subaysm" {Wiz rElec rPois MR+} (You
                  | found it in a Gauntlet)
 30431 | D:13     | Identified Diequfeh's Tome of Igneous Envenoming
 30464 | D:12     | Learned a level 3 spell: Mephitic Cloud
 30939 | D:13     | Found a runed translucent door.
 30939 | D:13     | Noticed Jowiufri's ghost (journeyman GrFi)
 30979 | D:13     | Reached skill level 1 in Air Magic
 30979 | D:13     | Reached skill level 1 in Poison Magic
 31700 | D:14     | Found a sacrificial altar of Ru.
 32206 | D:14     | Found a gate to the Vaults.
 33413 | D:14     | Found a glowing golden altar of the Shining One.
 33505 | D:15     | Entered Level 15 of the Dungeon
 33787 | D:15     | Reached skill level 10 in Fighting
 34341 | D:15     | Reached skill level 5 in Poison Magic
 34837 | D:15     | Found a staircase to the Depths.
 34897 | D:15     | Found a blossoming altar of Fedhas.
 35337 | Orc:1    | Entered Level 1 of the Orcish Mines
 35337 | Orc:1    | Noticed Urug
 35537 | D:12     | Acquired the ring of Darkness {+Fly rF+++ rN+ MP+9 Str-2}
 35963 | Shoals:1 | Entered Level 1 of the Shoals
 35975 | Shoals:1 | Found a runed translucent gate.
 35976 | Shoals:1 | Found a runed translucent gate.
 35976 | Shoals:1 | Noticed Vruhakk's ghost (adept GrFi)
 35976 | Shoals:1 | Noticed a kraken
 35991 | Shoals:1 | Found a runed translucent gate.
 36615 | D:12     | Killed Urug
 36753 | Orc:1    | Reached XP level 15. HP: 55/81 MP: 18/20
 37749 | Orc:2    | Entered Level 2 of the Orcish Mines
 37752 | Orc:2    | Reached skill level 16 in Dodging
 38450 | Orc:2    | Found a staircase to the Elven Halls.
 39463 | Orc:2    | Found Ituoschu's Gadget Shoppe.
 39463 | Orc:2    | Found Ytiuhona's Armour Emporium.
 39463 | Orc:2    | Found Lifaxyth's Gadget Emporium.
 39467 | Orc:2    | Found Wyebiuf's Jewellery Shoppe.
 40284 | Orc:2    | Bought a +2 buckler for 214 gold pieces
 40284 | Orc:2    | Bought +1 shadow dragon scales for 1131 gold pieces
 40342 | Elf:1    | Entered Level 1 of the Elven Halls
 40669 | Elf:1    | Reached skill level 17 in Dodging
 40894 | Elf:1    | Found Jujer's Antique Weapon Boutique.
 42826 | Shoals:1 | Found Fuaskoz's General Store.
 42878 | Shoals:1 | Found Irphuon's Assorted Antiques.
 43821 | Shoals:1 | Reached skill level 18 in Dodging
 43935 | Shoals:1 | You fall into a shaft and drop 1 floor!
 43966 | Shoals:2 | Noticed a kraken
 43987 | Shoals:2 | Noticed Ilsuiw
 45078 | Shoals:1 | Killed a kraken
 45080 | Shoals:1 | Got a bound bronze ring
 45106 | Shoals:1 | Identified the ring of Qusmew {rElec rF+ Int+3} (You found
                  | it on level 1 of the Shoals)
 45200 | Shoals:1 | Learned a level 3 spell: Stone Arrow
 45750 | Lair:6   | Bought the +8 arc blade {discharge, rElec} for 900 gold
                  | pieces
 45750 | Lair:6   | Found the +8 arc blade {discharge, rElec}
 46477 | Shoals:2 | Noticed Kirke
 46518 | Shoals:2 | Killed Kirke
 46703 | Shoals:2 | Killed a kraken
 47310 | Shoals:1 | Reached XP level 16. HP: 89/89 MP: 21/21
 47404 | Shoals:2 | Noticed a kraken
 47958 | Shoals:2 | Killed a kraken
 48144 | Shoals:2 | Reached skill level 19 in Dodging
 48490 | Shoals:2 | Killed Ilsuiw
 50651 | Shoals:3 | Reached skill level 20 in Dodging
 50965 | Shoals:4 | Entered Level 4 of the Shoals
 51861 | Shoals:4 | Found Roesas's Antique Weapon Emporium.
 52026 | Shoals:4 | Found Luoheedu's Antique Armour Shop.
 52429 | Shoals:4 | Noticed Polyphemus
 53601 | Shoals:4 | Killed Polyphemus
 53868 | Shoals:4 | Found Nebor's Antique Weapon Boutique.
 54056 | Shoals:4 | Reached skill level 21 in Dodging
 54168 | Shoals:4 | Found Wijebiafo's Armour Shop.
 54195 | Shoals:4 | Got a barnacled rune of Zot
 54346 | Shoals:4 | Reached XP level 17. HP: 58/96 MP: 17/22
 55028 | Shoals:4 | Got a flickering platinum amulet
 55144 | Shoals:4 | Identified the amulet "Xunogh" {Reflect *Corrode Dex+7 SH+5
                  | Stlth+} (You found it on level 4 of the Shoals)
 55291 | Snake:1  | Entered Level 1 of the Snake Pit
 57348 | Shoals:4 | Bought a +0 buckler of protection for 161 gold pieces
 58161 | Snake:2  | You fall into a shaft and drop 1 floor!
 58311 | Snake:3  | Found Zeamyjie's Gadget Boutique.
 58548 | Snake:3  | Found a glowing silver altar of Zin.
 58602 | Snake:3  | Reached skill level 22 in Dodging
 58677 | Snake:3  | Found Ebinilu's Antique Armour Emporium.
 58848 | Snake:3  | Found Kapablic's Gadget Shop.
 58882 | Snake:3  | Found Motenih's Assorted Antiques.
 59254 | Snake:3  | Found Aboippe's Armour Shoppe.
 59778 | Snake:3  | Bought an ominously black robe for 108 gold pieces
 59778 | Snake:3  | Bought a scroll labeled CATAORYANI for 19 gold pieces
 59788 | Snake:3  | Identified the cursed +0 robe of the Viny Wumpus {+Blink
                  | rElec Str+3 Int+3} (You bought it in a shop on level 3 of
                  | the Snake Pit)
 59958 | Snake:4  | Entered Level 4 of the Snake Pit
 60253 | Snake:4  | Reached skill level 5 in Conjurations
 61947 | Snake:4  | Reached XP level 18. HP: 71/102 MP: 11/23
 63102 | Snake:4  | Got a serpentine rune of Zot
 63185 | Snake:4  | Bought a +2 cloak of stealth for 344 gold pieces
 63459 | D:13     | Killed Jowiufri's ghost
 63657 | Elf:1    | Reached skill level 23 in Dodging
 64249 | Elf:1    | Identified the Almanac of Conjuration
 65036 | Elf:2    | Found Qodiosk's Armour Shoppe.
 65118 | Elf:2    | Found Zudos's Jewellery Shop.
 65490 | Elf:2    | Found a large runed translucent door.
 65490 | Elf:2    | Found a large runed translucent door.
 65810 | Elf:1    | Acquired the +1 hat of Sif Muna's Supremacy {rF+ MR+ Str+2
                  | Int+4}
 65812 | Elf:1    | Acquired 1490 gold pieces
 66249 | Elf:2    | Found a large runed translucent door.
 66249 | Elf:2    | Found a large runed translucent door.
 66518 | Elf:2    | Slain by a +5 vampiric lajatang

Illustrated notes

Levels and vault maps discovered:
D:1:      dpeg_arrival_simpleton_b, layout_rooms, hangedman_glass_teeth,
          minmay_misc_feat_diagonals
D:2:      layout_basic
D:3:      layout_basic
D:4:      minmay_chambers_of_threes, layout_loops_corners
D:5:      layout_cave_pods
D:6:      layout_basic, makhleb_grotto_becter, kennysheep_little_box,
          chequers_serial_rivers_marsh, minmay_misc_feat_chi, st_stairs_11,
          uniq_prince_ribbit1, uniq_grinder
D:7:      layout_loops_ring, minmay_temple_entry_large_hall, basic_altar,
          minmay_misc_feat_pillars
D:8:      layout_loops_cross
D:9:      layout_loops_ring, chequers_temple_overflow_minitemple, basic_altar,
          serial_shops, shop_statue
D:10:     layout_loops_ring, erik_lair_island, minmay_nine_imps, uniq_josephine
D:11:     layout_basic, minmay_gold_behind_fungi
D:12:     layout_stronghold, orc_0_dummy, gauntlet_entry_generic
D:13:     layout_cave_pools, hellmonk_ghost_happy_afterlife
D:14:     layout_roguey, david_vaults_4, basic_altar, hangedman_decor_riveting,
          nicolae_ru_awakened_eye
D:15:     grunt_enter_depths_snipers, layout_loops_ring,
          fedhas_altar_fruit_tree, minmay_stone_trees_small, serial_park_tiny_2
Lair:1:   dragon1_lemuel, layout_chaotic_city, uniq_grum
Lair:2:   layout_loops_ring, minmay_snake_entry_guardpost_medium,
          beast_lair_carwin_11, serial_bayou_shore_a, uniq_harold
Lair:3:   hangedman_what_comes_after_a, layout_long_grid,
          minmay_shoals_entry_lonely_mermaid, uniq_nergalle
Lair:4:   pond_and_an_island_with_a_cottage, layout_cave_pods,
          grunt_megastairs_3
Lair:5:   layout_regular_city, nicolae_slime_entry_slimehenge, pond
Lair:6:   grunt_lair_end_beastmaster, layout_cave_pods, lemuel_fruit_fields,
          lemuel_fruit_fields
Shoals:1: layout_shoals, serial_shops, shop, shop, ebering_ghost_davey_jones
Shoals:2: layout_shoals, uniq_ilsuiw, uniq_kirke
Shoals:3: layout_shoals
Shoals:4: shoals_end_grunt_garden, layout_shoals, shoals_ilsuiw_ice,
          serial_shops, shop, shop, shop, nicolae_shop_stone, uniq_polyphemus
Snake:1:  layout_onion, grunt_ministairs_10, st_stairs_11
Snake:2:  layout_grid_maze
Snake:3:  layout_onion, basic_altar, serial_shops, shop,
          nicolae_shop_overgrown_old_shop, nicolae_shop_stone, shop,
          shop_fountains
Snake:4:  snake_pit, layout_cave_town
Orc:1:    layout_caves, uniq_urug
Orc:2:    st_orc_mages, layout_diamond_mine, hangedman_minor_magic
Elf:1:    elf_arrival_002, layout_gridlike, serial_shops, shop,
          minmay_elf_annihilation
Elf:2:    layout_loops_cross, serial_shops, shop, shop_fountains

Skill      XL: |  1  2  3  4  5  6  7  8  9 10 11 12 13 14 15 16 17 18 |
---------------+-------------------------------------------------------+-----
Hexes          | 4 5 6 8 10 12 13 | 13.7
Stealth        | 5 6 7 8 10 13 15 16 18 20 | 20.0
Short Blades   | 2 3 5 6 8 9 |  9.9
Ice Magic      | 1 2 |  2.0
Conjurations   | 1 2 3 5 |  5.0
Shields        | 5 7 |  7.2
Fighting       | 4 7 8 10 12 13 14 | 14.2
Dodging        | 9 12 14 15 18 21 22 23 | 23.3
Air Magic      | 3 |  3.0
Poison Magic   | 5 |  5.0
Spellcasting   | |  2.6

Action                   |  1- 3 |  4- 6 |  7- 9 | 10-12 | 13-15 | 16-18 || total
-------------------------+-------+-------+-------+-------+-------+-------++-------
Melee: Dagger            |   229 |   123 |   231 |   436 |  1350 |       ||  2369
       Rapier            |       |       |       |       |    90 |   975 ||  1065
Throw: Dart              |    17 |    87 |    71 |    10 |       |       ||   185
 Cast: Corona            |    10 |       |       |       |       |       ||    10
       Ensorcelled Hiber |     3 |    42 |   112 |   258 |   233 |       ||   648
       Confusing Touch   |       |       |    23 |    21 |    83 |     2 ||   129
       Dazzling Flash    |       |       |       |     3 |   182 |   289 ||   474
       Tukima's Dance    |       |       |       |     7 |     1 |       ||     8
       Mephitic Cloud    |       |       |       |       |    34 |    95 ||   129
       Stone Arrow       |       |       |       |       |     9 |     1 ||    10
Invok: Call Merchant     |       |       |       |       |     6 |     2 ||     8
Evoke: Wand              |       |       |       |       |     4 |       ||     4
  Use: Scroll            |       |     8 |     8 |    16 |    14 |    13 ||    59
       Potion            |       |       |       |       |     4 |     2 ||     6
 Stab: Sleeping          |    11 |    20 |    72 |   179 |   177 |    35 ||   494
       Distracted        |       |     1 |       |     1 |    10 |    12 ||    24
       Confused          |       |       |    21 |    23 |    77 |    55 ||   176
       Invisible         |       |       |       |     1 |   122 |   172 ||   295
       Petrified         |       |       |       |       |     1 |       ||     1
       Held in net/web   |       |       |       |       |       |     1 ||     1
Armor: Robe              |    22 |     3 |    13 |    15 |    47 |    40 ||   140
Dodge: Dodged            |   161 |   121 |   167 |   251 |   849 |   684 ||  2233
Block: Buckler           |       |       |       |   127 |   745 |   656 ||  1528
       Reflection        |       |       |       |       |    36 |   102 ||   138

Table legend: (Time is in decaauts)
 A = Elapsed time spent in this place.
 B = Non-inter-level travel time spent in this place.
 C = Inter-level travel time spent in this place.
 D = Time resting spent in this place.
 E = Time spent auto-exploring this place.
 F = Levels seen in this place.
 G = Mean time per level.
                   A        B        C        D        E       F      G
               +--------+--------+--------+--------+--------+-----+--------+
         Total |  53429 |  51212 |   2217 |  25834 |  11602 |  34 | 1571.4 |
       Dungeon |  19556 |  18551 |   1005 |   9270 |   4892 |  15 | 1303.7 |
          Lair |  11403 |  10816 |    587 |   5425 |   2644 |   6 | 1900.5 |
        Shoals |  10619 |  10349 |    270 |   5972 |   1371 |   4 | 2654.8 |
     Snake Pit |   5420 |   5317 |    103 |   2341 |   1465 |   4 | 1355.0 |
  Orcish Mines |   3328 |   3162 |    166 |   1562 |    602 |   2 | 1664.0 |
   Elven Halls |   2928 |   2843 |     85 |   1260 |    626 |   2 | 1464.0 |
      Gauntlet |    171 |    171 |      0 |      2 |      0 |   1 |  171.0 |
               +--------+--------+--------+--------+--------+-----+--------+

Top non-repeatable levels by time:
  Lair:3: 4105 daAuts
     D:6: 3292 daAuts
Shoals:3: 3147 daAuts
Shoals:1: 2908 daAuts
   Orc:2: 2364 daAuts
Shoals:4: 2327 daAuts
Shoals:2: 2235 daAuts
   Elf:1: 2098 daAuts
 Snake:4: 1994 daAuts
    D:12: 1961 daAuts
 Snake:3: 1943 daAuts
  Lair:2: 1779 daAuts
  Lair:6: 1707 daAuts
    D:10: 1664 daAuts
    D:14: 1595 daAuts
